 Dungeon Sprint DCSS version bcrawl-1.20 (webtiles) character file.

Game seed: 8076254937745795485

4061 Freyura the Thaumaturge (level 10, -3/56 HPs)
             Began as a Fairy Air Elementalist on Jan 19, 2020.
             Was a High Priest of Sif Muna.
             Slain by a five-headed hydra (13 damage)
             ... in the Dungeon (Sprint IX: "|||||||||||||||||||||||||||||").
             The game lasted 00:16:47 (940 turns).

Freyura the Thaumaturge (Fairy Air Elementalist)     Turns: 940, Time: 00:16:48

Health: -3/56      AC: 11    Str:  6    XL:     10   Next: 25%
Magic:  7/30       EV: 24    Int: 21    God:    Sif Muna [*****.]
Gold:   14         SH:  6    Dex: 17    Spells: 7/38 levels left

rFire    . . .     SeeInvis .   m - staff of energy
rCold    . . .     Gourm    .   (shield currently unavailable)
rNeg     . . .     Faith    .   (armour unavailable)
rPois    .         Spirit   .   n - +2 helmet
rElec    .         Reflect  .   (no cloak)
rCorr    .         Harm     .   (no gloves)
MR       +....     NoTele   +   (no boots)
Stlth    +.........             (no amulet)
HPRegen  0.18/turn              o - +3 ring of dexterity
MPRegen  0.22/turn              p - +2 ring of protection

@: no status effects
A: small, magic attunement, unstealthy, unfitting armour, able to fly, AC/SH +6
a: Fly, Divine Energy, Channel Magic, Forget Spell, Renounce Religion


You were in the Dungeon.
You worshipped Sif Muna.
Sif Muna was extremely pleased with you.
You were not hungry.

You visited 1 branch You collected 14 gold pieces.

Inventory:

Armour
 n - a +2 helmet (worn)
Magical Staves
 m - an uncursed staff of energy (weapon)
Jewellery
 o - a +3 ring of dexterity (left hand)
 p - a +2 ring of protection (right hand)
Wands
 l - a wand of acid (10)
Scrolls
 i - 5 scrolls of blinking
 j - 3 scrolls of remove curse
 k - 2 scrolls of amnesia
 t - 2 scrolls of enchant weapon
Potions
 a - a potion of invisibility
 b - a potion of flight
 c - 6 potions of heal wounds
 d - 5 potions of curing
 f - a potion of haste
 g - 4 potions of magic
 h - a potion of berserk rage
 q - a potion of might
 r - a potion of agility
 s - 2 potions of mutation
Comestibles
 e - a ration {!d}


   Skills:
 + Level 7.7 Staves
 + Level 11.9 Dodging
 - Level 2.8 Stealth
 * Level 14.8 Spellcasting
 + Level 10.4 Conjurations
 + Level 4.3 Charms
 + Level 1.6 Summonings
 + Level 5.2 Fire Magic
 + Level 2.0 Ice Magic
 + Level 12.7 Air Magic
 + Level 1.4 Invocations


You had 7 spell levels left.
You knew the following spells:

 Your Spells              Type           Power        Failure   Level  Hunger
a - Shock                 Conj/Air       #####        1%          1    None
b - Airstrike             Air            ######....   1%          4    None
c - Static Discharge      Air            ######..     1%          3    None
d - Conjure Flame         Conj/Fire      #####...     1%          3    None
e - Lightning Bolt        Conj/Air       ######....   1%          5    None
f - Deflect Missiles      Chrm/Air       ######....   19%         6    None
g - Iskenderun's Battles  Conj/Chrm      #####...     5%          5    None
h - Summon Ice Beast      Ice/Summ       ###.....     19%         4    None

Your spell library contained the following spells:

 Spells                   Type           Power        Failure   Level  Hunger
 Flame Tongue             Conj/Fire      #####        1%          1    None
 Infusion                 Chrm           ####....     1%          1    None
 Summon Butterflies       Summ           ###.....     1%          1    None
 Swiftness                Chrm/Air       ######..     1%          2    None
 Throw Frost              Conj/Ice       #####.       1%          2    None
 Dazzling Spray           Conj/Hex       #####.       1%          3    None
 Iskenderun's Mystic Bla  Conj           ######..     1%          3    None
 Apportation              Tloc           ###...       4%          1    None
 Blink Other              Tloc           ###...       4%          1    None
 Sandblast                Erth           ###...       4%          1    None
 Slow                     Hex            ###.....     4%          1    None
 Blink                    Tloc           N/A          6%          2    None
 Passwall                 Tmut/Erth      ###.....     6%          2    None
 Silence                  Hex/Air        #####.....   9%          5    None
 Portal Projectile        Tloc           ###...       12%         3    None
 Spider Form              Tmut/Pois      ###          12%         3    None
 Teleport Other           Tloc           ###.....     12%         3    None
 Bolt of Draining         Conj/Necr      #####.....   13%         5    None
 Piercing Shot            Chrm           ####......   19%         5    None
 Bolt of Cold             Conj/Ice       #####.....   43%         6    None
 Passage of Golubria      Tloc           N/A          73%         5    None
 Spellforged Servitor     Conj/Summ      #####.....   95%         7    None
 Mana Rupture             Conj/Hex       #####.....   98%         7    None
 Infestation              Hex/Tmut/Pois  ###......    99%         6    None
 Invisibility             Hex            ###.....     99%         6    None
 Malign Gateway           Summ/Tloc      ###.......   100%        7    None
 Discord                  Hex            ###.......   100%        8    None


Dungeon Overview and Level Annotations

Branches:
Dungeon (1/1)

Altars:
Cheibriados
Dithmenos
Elyvilon
Fedhas
Gozag
Hepliaklqana
Kikubaaqudgha
Lugonu
Makhleb
Nemelex Xobeh
Okawaru
Qazlal
Ru
Sif Muna
Trog
Uskayaw
Vehumet
Wu Jian
Xom
Yredelemnul
Zin
The Shining One
Beogh
Jiyva


Innate Abilities, Weirdness & Mutations

Your spells do not cause hunger and MP costs are reduced by 1.
Your bright wings attract enemies. (Stealth-)
You cannot fit into any form of body armour.
Your shimmering scales are hard and can block incoming attacks. (AC +6, SH +6)
You are small and have problems with some larger weapons.
You can fly continuously.


Message History

The polar bear is struck by an arc of lightning!
The polar bear is lightly wounded.
The lightning grounds out.
The five-headed hydra completely misses you.
The five-headed hydra bites you.
The five-headed hydra completely misses you.
The five-headed hydra bites you but does no damage.
The five-headed hydra bites you.
The blink frog blinks!
Casting: Static Discharge (safe; 1% risk of failure)
Confirm with . or Enter, or press ? or * to list all spells.
The five-headed hydra is struck by an arc of lightning!
The five-headed hydra is almost dead.
You are struck by an arc of lightning.
* * * LOW HITPOINT WARNING * * *
The lightning grounds out.
A porcupine comes into view.
The five-headed hydra bites you.
* * * LOW HITPOINT WARNING * * *
The five-headed hydra misses you. The five-headed hydra bites you!
You die...

▓_▓.▓÷▓
▓_▓.▓.▓
▓_▓.▓†▓
▓_▓.▓.▓
▓_▓.▓.▓
▓_▓.▓.▓
▓_▓.▓.▓
▓_▓.▓.▓
▓_▓.▓@▓
▓_▓.▓D▓
▓_▓.▓t▓
▓_▓.▓h▓
▓_▓.▓F▓
▓_▓.▓l▓
▓_▓.▓l▓
▓_▓.▓r▓
▓_▓.▓


You could see a five-headed hydra, a polar bear, a komodo dragon, a basilisk, a
blink frog, a crocodile and a porcupine.

Vanquished Creatures
  A hydra (D)
  An unseen horror (D)
  A black mamba (D)
  A gargoyle (D)
  2 cane toads (D)
  A komodo dragon (D)
  A hippogriff (D)
  A hungry ghost (D)
  A crocodile (D)
  A water moccasin (D)
  2 porcupines (D)
  An orc warrior (D)
  A phantom (D)
  5 bullfrogs (D)
  A crimson imp (D)
  A jelly (D)
  2 worker ants (D)
  A dart slug (D)
  A bat skeleton (D)
  2 giant cockroaches (D)
  2 hobgoblins (D)
  A jackal (D)
  A bat (D)
  A leopard gecko skeleton (D)
33 creatures vanquished.

Notes
Turn   | Place    | Note
-------+----------+-------------------------------------------
     0 | D        | Freyura the Fairy Air Elementalist began the quest for the
                  | Orb.
     0 | D        | Reached XP level 1. HP: 11/11 MP: 6/6
     6 | D        | Reached skill level 3 in Spellcasting
    73 | D        | Noticed a worker ant
    73 | D        | Noticed a worker ant
    73 | D        | Noticed a crimson imp
    76 | D        | Reached skill level 5 in Air Magic
    76 | D        | Reached XP level 2. HP: 12/17 MP: 8/8
    80 | D        | Reached skill level 4 in Spellcasting
    80 | D        | Reached XP level 3. HP: 8/21 MP: 8/10
    81 | D        | Reached XP level 4. HP: 11/27 MP: 8/12
    85 | D        | Reached skill level 5 in Dodging
    85 | D        | Reached skill level 5 in Spellcasting
   246 | D        | Found a roughly hewn altar of Beogh.
   246 | D        | Found a snail-covered altar of Cheibriados.
   246 | D        | Found a shadowy altar of Dithmenos.
   246 | D        | Found a white marble altar of Elyvilon.
   246 | D        | Found a blossoming altar of Fedhas.
   246 | D        | Found an opulent altar of Gozag.
   247 | D        | Found a hazy altar of Hepliaklqana.
   248 | D        | Found a viscous altar of Jiyva.
   249 | D        | Found an ancient bone altar of Kikubaaqudgha.
   250 | D        | Found a corrupted altar of Lugonu.
   251 | D        | Found a burning altar of Makhleb.
   252 | D        | Found a sparkling altar of Nemelex Xobeh.
   253 | D        | Found an iron altar of Okawaru.
   254 | D        | Found a stormy altar of Qazlal.
   255 | D        | Found a sacrificial altar of Ru.
   256 | D        | Found a shimmering blue altar of Sif Muna.
   257 | D        | Found a bloodstained altar of Trog.
   258 | D        | Found a hide-covered altar of Uskayaw.
   259 | D        | Found a radiant altar of Vehumet.
   260 | D        | Found an ornate altar of the Wu Jian Council.
   261 | D        | Found a shimmering altar of Xom.
   262 | D        | Found a basalt altar of Yredelemnul.
   263 | D        | Found a glowing silver altar of Zin.
   264 | D        | Became a worshipper of Sif Muna the Loreminder
   265 | D        | Found a glowing golden altar of the Shining One.
   307 | D        | Learned a level 4 spell: Airstrike
   311 | D        | Learned a level 3 spell: Static Discharge
   311 | D        | Noticed a hungry ghost
   311 | D        | Noticed an orc warrior
   311 | D        | Noticed a bullfrog
   311 | D        | Noticed a phantom
   318 | D        | Killed a hungry ghost
   318 | D        | Reached * piety under Sif Muna
   318 | D        | Identified Kouli's Volume of Combat Magic (Sif Muna gifted
                  | it to you in the Dungeon)
   318 | D        | Received a gift from Sif Muna
   318 | D        | Reached skill level 7 in Spellcasting
   318 | D        | Reached XP level 5. HP: 27/31 MP: 5/17
   318 | D        | Reached XP level 6. HP: 32/36 MP: 5/18
   320 | D        | Reached skill level 8 in Spellcasting
   320 | D        | Reached skill level 5 in Conjurations
   322 | D        | Killed a phantom
   322 | D        | Identified Sif Muna's Compendium of the Escort and the Oath
                  | (Sif Muna gifted it to you in the Dungeon)
   322 | D        | Received a gift from Sif Muna
   322 | D        | Reached skill level 9 in Spellcasting
   327 | D        | Killed an orc warrior
   327 | D        | Reached ** piety under Sif Muna
   327 | D        | Reached XP level 7. HP: 40/41 MP: 0/22
   333 | D        | Learned a level 3 spell: Conjure Flame
   445 | D        | Learned a level 5 spell: Lightning Bolt
   452 | D        | Noticed a gargoyle
   452 | D        | Noticed a komodo dragon
   455 | D        | Reached skill level 10 in Spellcasting
   455 | D        | Reached skill level 10 in Air Magic
   461 | D        | Killed an unseen horror
   461 | D        | Identified Sif Muna's Handbook of Changing and Snow (Sif
                  | Muna gifted it to you in the Dungeon)
   461 | D        | Received a gift from Sif Muna
   461 | D        | Reached *** piety under Sif Muna
   461 | D        | Reached skill level 5 in Staves
   461 | D        | Reached skill level 12 in Spellcasting
   461 | D        | Reached XP level 8. HP: 22/46 MP: 23/26
   466 | D        | Killed a komodo dragon
   466 | D        | Reached skill level 10 in Dodging
   468 | D        | Killed a gargoyle
   468 | D        | Received a gift from Sif Muna
   468 | D        | Reached skill level 13 in Spellcasting
   468 | D        | Reached XP level 9. HP: 15/51 MP: 16/28
   673 | D        | Learned a level 6 spell: Deflect Missiles
   786 | D        | Noticed a four-headed hydra
   786 | D        | Noticed a cane toad
   789 | D        | Killed a four-headed hydra
   789 | D        | Reached **** piety under Sif Muna
   789 | D        | Received a gift from Sif Muna
   789 | D        | Reached skill level 14 in Spellcasting
   789 | D        | Killed a cane toad
   789 | D        | Reached skill level 10 in Conjurations
   794 | D        | Reached XP level 10. HP: 32/56 MP: 17/30
   795 | D        | Identified Sif Muna's Collected Works on Arcane Weapons
                  | (Sif Muna gifted it to you in the Dungeon)
   795 | D        | Received a gift from Sif Muna
   807 | D        | Learned a level 5 spell: Iskenderun's Battlesphere
   812 | D        | Learned a level 4 spell: Summon Ice Beast
   927 | D        | Noticed a cane toad
   927 | D        | Noticed a black mamba
   927 | D        | Noticed a five-headed hydra
   933 | D        | Killed a cane toad
   933 | D        | Reached skill level 1 in Summonings
   933 | D        | Reached skill level 1 in Ice Magic
   936 | D        | Killed a black mamba
   936 | D        | Reached ***** piety under Sif Muna
   936 | D        | Reached skill level 5 in Fire Magic
   936 | D        | Reached skill level 1 in Invocations
   940 | D        | Slain by a five-headed hydra

Skill      XL: |  1  2  3  4  5  6  7  8  9 10 |
---------------+-------------------------------+-----
Air Magic      | 5 6 7 9 11 12 | 12.7
Dodging        | 3 4 6 8 9 10 11 | 11.9
Spellcasting   | 3 4 7 9 12 13 14 | 14.8
Stealth        | 2 |  2.8
Conjurations   | 2 4 6 8 9 10 | 10.4
Staves         | 2 4 5 6 7 |  7.7
Charms         | 3 4 |  4.3
Fire Magic     | 4 5 |  5.2
Summonings     | 1 |  1.6
Ice Magic      | 2 |  2.0
Invocations    | 1 |  1.4

Action                   |  1- 3 |  4- 6 |  7- 9 | 10-12 || total
-------------------------+-------+-------+-------+-------++-------
Melee: Staff             |       |     1 |       |       ||     1
 Cast: Shock             |    14 |    12 |    17 |     6 ||    49
       Static Discharge  |       |     6 |     2 |    13 ||    21
       Airstrike         |       |       |     2 |       ||     2
       Lightning Bolt    |       |       |     3 |       ||     3
 Abil: Stop Flying       |       |     1 |       |       ||     1
  Use: Potion            |       |     1 |       |       ||     1
       Scroll            |       |       |     2 |       ||     2
  Eat: Chunk             |       |       |       |     1 ||     1
Armor: Skin              |     2 |     1 |     2 |     4 ||     9
Dodge: Dodged            |     8 |    10 |    10 |    16 ||    44
Block: Other             |     1 |     5 |     4 |     4 ||    14
